 Dungeon Crawl Stone Soup version 0.24-a0-272-g1411513 (webtiles) character file.

Game seed: 14821535825765885671

27717 Poxie the Grappler (level 13, -2/113 (114) HPs)
             Began as a Troll Wizard on Apr 25, 2019.
             Was a High Priest of Okawaru.
             Slain by a two-headed hydra (8 damage)
             ... on level 1 of the Lair of Beasts.
             The game lasted 00:58:59 (15969 turns).

Poxie the Grappler (Troll Wizard)                  Turns: 15969, Time: 00:59:00

HP:   -2/113 (114)  AC: 12    Str: 20    XL:     13   Next: 5%
MP:   18/18         EV:  8    Int: 16    God:    Okawaru [*****.]
Gold: 1015          SH: 20    Dex:  8    Spells: 12/20 levels left

rFire    . . .     SeeInvis +   h - +1 scimitar (flame)
rCold    . . .     Gourm    +   X - +0 large shield of Plog {MR++}
rNeg     + . .     Faith    .   k - +2 robe {MR+}
rPois    .         Spirit   .   e - +1 hat
rElec    +         Reflect  +   V - +1 cloak {MR+}
rCorr    .         Harm     .   (gloves unavailable)
MR       +++++                  (boots unavailable)
Stlth    +.........             v - +4 amulet of reflection
HPRegen  0.68/turn              o - ring of see invisible
MPRegen  0.16/turn              U - ring of Ephemeral Luck {+Fly rElec rN+}

@: no status effects
A: large, unfitting armour, claws 3, slimy green scales 1, deformed body, fast
metabolism 3, gourmand, magic resistance 1, mutation resistance 1, regeneration
1, shaggy fur 1, tough skin 3, wild magic 1
a: Heroism, Finesse, Renounce Religion, Evoke Flight


You were on level 1 of the Lair of Beasts.
You worshipped Okawaru.
Okawaru was extremely pleased with you.
You were completely stuffed.

You visited 3 branches of the dungeon, and saw 16 of its levels.

You collected 1015 gold pieces.

Inventory:

Hand Weapons
 b - the +7 hunting sling of the Undead {velocity, rPois Int+3 Dex+4}
   (You found it on level 4 of the Dungeon)

   Any stone fired from it inflicts extra damage.
   It affects your intelligence (+3).
   It affects your dexterity (+4).
   It protects you from poison.
 h - a +1 scimitar of flaming (weapon)
 n - a +0 short sword
 p - a +1 short sword of venom
 I - a +2 war axe of venom
 W - the +0 rapier "Usomahon" {holy, *Corrode MR+++ Dex+9 Stlth-}
   (You found it on level 12 of the Dungeon)

   It has been blessed by the Shining One to cause great damage to the undead
   and demons.
   It affects your dexterity (+9).
   It affects your resistance to hostile enchantments.
   It may corrode you when you take damage.
   It makes you less stealthy.
Missiles
 l - 47 poisoned needles
 m - a throwing net
 q - 4 javelins of penetration
 y - 334 stones
 B - 105 sling bullets
 Q - 10 large rocks (quivered)
Armour
 a - a +1 robe of fire resistance
 e - a +1 hat (worn)
 k - a +2 robe of magic resistance (worn)
 V - a +1 cloak of magic resistance (worn)
 X - the +0 large shield of Plog (worn) {MR++}
   (Okawaru gifted it to you on level 12 of the Dungeon)

   It affects your resistance to hostile enchantments.
Jewellery
 g - an uncursed ring of positive energy
 o - a ring of see invisible (left claw)
 v - a +4 amulet of reflection (around neck)
 F - an uncursed ring of magical power
 K - an uncursed ring of protection from cold
 U - the ring of Ephemeral Luck (right claw) {+Fly rElec rN+}
   (You found it on level 12 of the Dungeon)

   [ring of flight]

   It insulates you from electricity.
   It protects you from negative energy.
   It lets you fly.
Wands
 f - a wand of random effects (52)
 z - a wand of polymorph (5)
 T - a wand of disintegration (13)
Scrolls
 c - 12 scrolls of teleportation
 i - 8 scrolls of enchant weapon
 w - a scroll of summoning {unknown}
 E - 2 scrolls of identify
 H - 2 scrolls of holy word
 L - a scroll of vulnerability
 M - a scroll of noise
 O - 4 scrolls of remove curse
 R - a scroll of magic mapping
 S - a scroll of fog
Potions
 j - a potion of ambrosia
 t - 3 potions of curing
 u - 4 potions of might
 x - 3 potions of agility
 A - 3 potions of flight
 D - 2 potions of magic
Miscellaneous
 N - a sack of spiders
Comestibles
 d - 31 rations
 r - a chunk of flesh


   Skills:
 * Level 4.2 Fighting
 - Level 3.4 Slings
 - Level 1.0 Armour
 - Level 1.5 Dodging
 - Level 1.0 Stealth
 + Level 9.7 Shields
 + Level 11.1 Unarmed Combat
 - Level 4.3 Spellcasting
 - Level 2.5 Conjurations
 - Level 4.2 Summonings
 - Level 4.2 Translocations
 - Level 1.8 Fire Magic
 - Level 7.4 Invocations


You had 12 spell levels left.
You knew the following spells:

 Your Spells              Type           Power        Failure   Level  Hunger
a - Magic Dart            Conj           ###.         26%         1    None
b - Blink                 Tloc           N/A          19%         2    ##.....
c - Call Imp              Summ           ###.....     21%         2    ##.....
d - Conjure Flame         Conj/Fire      ##......     61%         3    ###....

Your spell library contained the following spells:

 Spells                   Type           Power        Failure   Level  Hunger
 Throw Frost              Conj/Ice       #.....       50%         2    ##.....
 Freeze                   Ice            #...         54%         1    None
 Passwall                 Tmut/Erth      #.......     67%         2    ##.....
 Slow                     Hex            #.......     67%         2    ##.....
 Swiftness                Chrm/Air       #.......     67%         2    ##.....
 Passage of Golubria      Tloc           N/A          73%         4    ####...
 Mephitic Cloud           Conj/Pois/Air  #.......     78%         3    ###....
 Ozocubu's Armour         Chrm/Ice       #.......     88%         3    ###....
 Summon Ice Beast         Ice/Summ       ##......     95%         4    ####...
 Throw Icicle             Conj/Ice       #.......     98%         4    ####...
 Lee's Rapid Deconstruct  Erth           #.........   100%        5    ######.
 Darkness                 Hex            #.........   100%        6    #######
 Invisibility             Hex            #.......     100%        6    #######


Dungeon Overview and Level Annotations

Branches:
Dungeon (14/15)            Temple (1/1) D:7            Lair (1/6) D:8
    Orc (0/2) D:10         Vaults (0/5) D:14

Altars:
Ashenzari
Cheibriados
Dithmenos
Elyvilon
Fedhas
Gozag
Hepliaklqana
Kikubaaqudgha
Makhleb
Nemelex Xobeh
Okawaru
Qazlal
Ru
Sif Muna
Trog
Uskayaw
Vehumet
Wu Jian
Xom
Yredelemnul
Zin
The Shining One

Shops:
D:13 *

Annotations:
D:4 1 runed translucent door, Hasart's ghost, amateur KoGl
D:8 exclusion: downstairs
D:10 exclusion: 2 downstairs
D:11 3 runed translucent doors, exclusion: obsidian statue, nikopol's ghost, journeyman MiBe
D:12 3 runed translucent doors, exclusion: door
D:14 exclusion: boggart


Innate Abilities, Weirdness & Mutations

You are too large for most types of armour.
You have claws for hands.
Your metabolism is lightning-fast.
You like to eat raw meat.
Your natural rate of healing is unusually fast.
You are covered in fur. (AC +1)
You have extremely tough skin. (AC +3)
You are partially covered in slimy green scales. (AC +2)
Armour fits poorly on your strangely shaped body.
You are resistant to hostile enchantments. (MR+)
You are somewhat resistant to further mutation.
Your spells are a little harder to cast, but a little more powerful.


Message History

The four-headed hydra bites you! x2
You block the four-headed hydra's attack.
The four-headed hydra bites you! The yak gores you.
You lop one of the four-headed hydra's heads off!
The flame cauterises the wound!
You slash the three-headed hydra! You burn the three-headed hydra.
The three-headed hydra is moderately wounded.
The three-headed hydra bites you. x2; The three-headed hydra bites you!
You block the yak's attack.
Unknown command.
You hack one of the three-headed hydra's heads off!
The flame cauterises the wound!
You hit the two-headed hydra. You burn the two-headed hydra.
The two-headed hydra is moderately wounded.
You block the yak's attack. The two-headed hydra bites you! x2
* * * LOW HITPOINT WARNING * * *
The yak gores you!
* * * LOW HITPOINT WARNING * * *
The two-headed hydra bites you!
You die...

##..#.#.P.##.#......#
#.#...#.#.......# #.#.###
#...<...........###.....
####..#.#.####...##.#.##.#
#..#.#.# #.#..........
#...#...# #.###...###.
##..#.#.# ..# ##..# .
#....D.# ##.# ##.###..
#.####@# #.# #P.#..(# #.#
##Y####.# ##...## #...#
..####.....# ##.P##
..#P......## #...#
##.##.#.#P.#
##..###..##.####..#
##.#.###.##.## .##
#............# .#
#...##..##P##P# .#


You could see a two-headed hydra and a yak.

Vanquished Creatures
  Azrael (D:14)
  A fire dragon (D:14)
  A hydra (D:12)
  Erolcha (D:12)
  An ogre mage (D:12)
  4 two-headed ogres
  2 unseen horrors (D:12)
  A wolf spider zombie (D:13)
  6 ugly things
  A faun (shapeshifter) (D:12)
  A deep elf mage (D:12)
  A manticore (D:12)
  2 cyclopes
  A gargoyle (D:12)
  A kobold demonologist (D:12)
  A komodo dragon (shapeshifter) (D:14)
  A tengu conjurer (D:13)
  3 trolls
  6 hippogriffs
  Sigmund (D:3)
  A vampire (D:12)
  2 wraiths
  2 shadows
  3 wyverns
  5 fire elementals (D:14)
  4 hungry ghosts
  A golden eye (D:8)
  6 yaks (D:12)
  A steam dragon (D:8)
  3 vampire mosquitoes
  A water moccasin (D:10)
  3 soldier ants
  A hell hound (D:14)
  3 orc warriors
  5 sky beasts
  5 ice beasts
  A black bear (D:13)
  2 phantoms
  An eye of draining (D:12)
  2 necrophages
  11 ogres
  4 centaurs
  2 crocodiles
  8 bullfrogs
  A wyvern zombie (D:13)
  2 wyvern skeletons
  4 scorpions
  8 killer bees
  4 wights (D:11)
  5 howler monkeys
  7 crimson imps
  A quasit (D:12)
  4 hounds
  7 bullfrog skeletons
  4 centaur zombies
  5 orc priests
  6 jellies
  5 centaur skeletons
  3 iguanas
  Jessica (D:2)
  Ijyb (D:5)
  Terence (D:2)
  8 worker ants
  11 orc wizards
  A hound zombie (D:5)
  A howler monkey zombie (D:10)
  3 worker ant zombies
  3 gnolls
  14 adders
  4 shadow imps
  8 oozes
  An adder zombie (D:5)
  4 adder skeletons
  4 worms
  2 dart slugs
  3 leopard geckos
  33 orcs
  5 bats
  9 giant cockroaches
  7 hobgoblins
  13 jackals
  9 kobolds
  6 quokkas
  2 ball pythons
  7 frilled lizards
  6 goblins
  A leopard gecko zombie (D:7)
  7 rats
355 creatures vanquished.

Vanquished Creatures (collateral kills)
  A sky beast (D:9)
  A jelly (D:9)
  2 killer bees (D:9)
4 creatures vanquished.

Vanquished Creatures (others)
  2 withered plants (D:4)
2 creatures vanquished.

Grand Total: 361 creatures vanquished

Notes
Turn   | Place    | Note
-------+----------+-------------------------------------------
     0 | D:1      | Poxie the Troll Wizard began the quest for the Orb.
     0 | D:1      | Reached XP level 1. HP: 16/16 MP: 2/2
   210 | D:1      | Reached XP level 2. HP: 24/24 MP: 4/4
   303 | D:1      | Learned a level 2 spell: Blink
   306 | D:1      | Learned a level 2 spell: Call Imp
   978 | D:2      | Reached skill level 1 in Unarmed Combat
  1122 | D:2      | Found a shattered altar of Ashenzari.
  1138 | D:2      | Reached XP level 3. HP: 24/31 MP: 5/5
  1166 | D:2      | Reached skill level 1 in Conjurations
  1166 | D:2      | Noticed Jessica
  1172 | D:2      | Noticed Terence
  1176 | D:2      | Killed Jessica
  1197 | D:2      | Killed Terence
  1197 | D:2      | Reached skill level 1 in Summonings
  1197 | D:2      | Reached skill level 1 in Translocations
  1197 | D:2      | Reached XP level 4. HP: 5/39 MP: 6/6
  1437 | D:3      | Found a shimmering altar of Xom.
  1527 | D:3      | Reached skill level 2 in Unarmed Combat
  1568 | D:3      | Reached XP level 5. HP: 19/45 MP: 8/8
  1783 | D:3      | Reached skill level 3 in Unarmed Combat
  1841 | D:3      | Noticed Sigmund
  1905 | D:4      | Noticed an ogre
  1933 | D:4      | Killed an ogre
  1933 | D:4      | Reached XP level 6. HP: 38/54 MP: 9/9
  1962 | D:4      | Reached skill level 4 in Unarmed Combat
  2093 | D:4      | Found a runed translucent door.
  2093 | D:4      | Noticed Hasart's ghost (amateur KoGl)
  2187 | D:4      | Learned a level 3 spell: Conjure Flame
  2297 | D:3      | Killed Sigmund
  2297 | D:3      | Reached skill level 1 in Fighting
  2297 | D:3      | Reached XP level 7. HP: 4/62 MP: 10/10
  2546 | D:3      | Reached skill level 5 in Unarmed Combat
  3005 | D:4      | Got an ichor-stained scimitar
  3007 | D:4      | Identified the cursed +0 scimitar of the Desert {drain,
                  | +Blink rF- MR+} (You found it on level 4 of the Dungeon)
  3073 | D:4      | Reached skill level 6 in Unarmed Combat
  3352 | D:4      | Found an iron altar of Okawaru.
  3352 | D:4      | Found an ornate altar of the Wu Jian Council.
  3357 | D:4      | Gained mutation: Your spells are a little harder to cast,
                  | but a little more powerful. [potion of mutation]
  3357 | D:4      | Gained mutation: Your mind is acute. (Int +2) [potion of
                  | mutation]
  3357 | D:4      | Gained mutation: Armour fits poorly on your strangely
                  | shaped body. [potion of mutation]
  3357 | D:4      | Gained mutation: Your muscles are strong. (Str +2) [potion
                  | of mutation]
  3439 | D:4      | Got an ancient hunting sling
  3464 | D:5      | Entered Level 5 of the Dungeon
  3464 | D:5      | Noticed a hungry ghost
  3465 | D:5      | Reached XP level 8. HP: 70/70 MP: 11/11
  3700 | D:5      | Reached skill level 7 in Unarmed Combat
  3814 | D:5      | Found an opulent altar of Gozag.
  3965 | D:5      | Lost mutation: Your muscles are strong. (Str +2) [potion of
                  | mutation]
  3965 | D:5      | Lost mutation: Your mind is acute. (Int +2) [potion of
                  | mutation]
  3965 | D:5      | Lost mutation: Armour fits poorly on your strangely shaped
                  | body. [potion of mutation]
  3965 | D:5      | Gained mutation: You have a pair of small horns on your
                  | head. [potion of mutation]
  3965 | D:5      | Gained mutation: You tend to lose your temper in combat.
                  | [potion of mutation]
  3965 | D:5      | Gained mutation: You are resistant to hostile enchantments.
                  | (MR+) [potion of mutation]
  3965 | D:5      | Gained mutation: You are partially covered in slimy green
                  | scales. (AC +2) [potion of mutation]
  4007 | D:5      | Identified the +7 hunting sling of the Undead {velocity,
                  | rPois Int+3 Dex+4} (You found it on level 4 of the Dungeon)
  4138 | D:5      | Noticed Ijyb
  4148 | D:5      | Killed Ijyb
  4411 | D:6      | Found a snail-covered altar of Cheibriados.
  4419 | D:6      | Found a white marble altar of Elyvilon.
  4677 | D:6      | Found a stormy altar of Qazlal.
  4789 | D:6      | Found a blossoming altar of Fedhas.
  4801 | D:6      | Found a glowing golden altar of the Shining One.
  4805 | D:6      | Found a shadowy altar of Dithmenos.
  4869 | D:6      | Reached skill level 1 in Slings
  4869 | D:6      | Reached XP level 9. HP: 79/79 MP: 13/13
  5562 | D:7      | Found a staircase to the Ecumenical Temple.
  5607 | Temple   | Entered the Ecumenical Temple
  5788 | D:4      | Became a worshipper of Warmaster Okawaru
  6614 | D:7      | Found a burning altar of Makhleb.
  6996 | D:7      | Reached * piety under Okawaru
  7170 | D:8      | Found a staircase to the Lair.
  7200 | D:8      | Noticed Psyche
  7202 | D:8      | Noticed Psyche
  7202 | D:8      | Psyche changed into Psyche the golden eye
  7262 | D:8      | Killed Psyche the golden eye
  7340 | D:8      | Reached skill level 8 in Unarmed Combat
  7479 | D:8      | Found a basalt altar of Yredelemnul.
  7527 | D:8      | Found a glowing silver altar of Zin.
  7824 | D:8      | Reached ** piety under Okawaru
  7824 | D:8      | Reached XP level 10. HP: 43/87 MP: 15/15
  8439 | D:9      | Lost mutation: You are resistant to hostile enchantments.
                  | (MR+) [potion of mutation]
  8439 | D:9      | Lost mutation: You tend to lose your temper in combat.
                  | [potion of mutation]
  8439 | D:9      | Lost mutation: You have a pair of small horns on your head.
                  | [potion of mutation]
  8439 | D:9      | Gained mutation: Armour fits poorly on your strangely
                  | shaped body. [potion of mutation]
  8439 | D:9      | Gained mutation: You are resistant to hostile enchantments.
                  | (MR+) [potion of mutation]
  8439 | D:9      | Gained mutation: You are somewhat resistant to further
                  | mutation. [potion of mutation]
  8470 | D:9      | Reached skill level 1 in Fire Magic
  8508 | D:9      | Paralysed by fainting for 5 turns
  8515 | D:9      | Paralysed by fainting for 8 turns
  8575 | D:9      | Reached skill level 1 in Armour
  8575 | D:9      | Reached skill level 9 in Unarmed Combat
  8645 | D:9      | Found a sparkling altar of Nemelex Xobeh.
  9149 | D:10     | Entered Level 10 of the Dungeon
  9186 | D:10     | Found a staircase to the Orcish Mines.
  9443 | D:10     | Found an iron altar of Okawaru.
  9544 | D:10     | Reached *** piety under Okawaru
  9544 | D:10     | Reached skill level 1 in Shields
  9544 | D:10     | Reached skill level 1 in Invocations
 10170 | D:11     | Noticed a two-headed ogre
 10174 | D:11     | Received a gift from Okawaru
 10444 | D:11     | Killed a two-headed ogre
 10462 | D:11     | You fall through a shaft for 3 floors!
 10698 | D:14     | Reached XP level 11. HP: 95/96 MP: 16/16
 10721 | D:14     | Reached **** piety under Okawaru
 10820 | D:13     | Noticed a purple ugly thing
 10838 | D:14     | Killed a purple ugly thing
 10838 | D:14     | Reached skill level 5 in Shields
 11139 | D:13     | Noticed a two-headed ogre
 11141 | D:13     | Killed a two-headed ogre
 11333 | D:12     | Noticed an eight-headed hydra
 11478 | D:11     | Noticed a red ugly thing
 11494 | D:11     | Killed a red ugly thing
 11648 | D:11     | Noticed a four-headed hydra
 11678 | D:11     | Found a runed translucent gate.
 11678 | D:11     | Found a runed translucent gate.
 11678 | D:11     | Found an opulent altar of Gozag.
 11678 | D:11     | Noticed an obsidian statue
 11679 | D:11     | Found a runed translucent gate.
 11680 | D:11     | Noticed a shock serpent
 11681 | D:11     | Noticed nikopol's ghost (journeyman MiBe)
 11686 | D:11     | Noticed a deep troll
 11686 | D:11     | a shock serpent changed into a deep troll
 11687 | D:11     | a deep troll changed into a slime creature
 11689 | D:11     | Noticed a sea snake
 11689 | D:11     | a slime creature changed into a sea snake
 12219 | D:12     | Noticed Erolcha
 12236 | D:12     | Noticed an unseen horror
 12236 | D:12     | Noticed an unseen horror
 12252 | D:12     | HP: 3/96 [unseen horror (6)]
 12255 | D:12     | Killed an unseen horror
 12263 | D:12     | Killed an unseen horror
 12263 | D:12     | Reached ***** piety under Okawaru
 12390 | D:12     | Killed Erolcha
 12575 | D:12     | Received a gift from Okawaru
 12732 | D:12     | Noticed a deep elf mage
 12742 | D:12     | Killed a deep elf mage
 12943 | D:12     | Noticed a deep elf mage
 12943 | D:12     | Noticed a red ugly thing
 12947 | D:12     | Found a runed translucent door.
 12951 | D:12     | Noticed a deep elf mage
 12951 | D:12     | Noticed a white ugly thing
 12951 | D:12     | Noticed a wizard
 12954 | D:12     | Noticed a six-headed hydra
 12969 | D:12     | Noticed an ogre mage
 12972 | D:12     | Reached XP level 12. HP: 79/104 MP: 9/17
 12994 | D:12     | Killed an ogre mage
 12994 | D:12     | Reached skill level 5 in Invocations
 13009 | D:12     | Noticed a four-headed hydra
 13030 | D:12     | Killed a four-headed hydra
 13030 | D:12     | Received a gift from Okawaru
 13169 | D:12     | Received a gift from Okawaru
 13185 | D:12     | Reached skill level 10 in Unarmed Combat
 13557 | D:12     | Got a steaming pewter ring
 13559 | D:12     | Identified the ring of Ephemeral Luck {+Fly rElec rN+} (You
                  | found it on level 12 of the Dungeon)
 13580 | D:12     | Got a brightly glowing rapier
 13581 | D:12     | Identified the +0 rapier "Usomahon" {holy, *Corrode MR+++
                  | Dex+9 Stlth-} (You found it on level 12 of the Dungeon)
 13582 | D:12     | Upgraded the game from 0.24-a0-271-ga0fc33f to
                  | 0.24-a0-272-g1411513
 13605 | D:12     | Got a transparent large shield {god gift}
 13625 | D:12     | Identified the +0 large shield of Plog {MR++} (Okawaru
                  | gifted it to you on level 12 of the Dungeon)
 13979 | D:12     | Found a runed translucent door.
 13984 | D:12     | Found a runed translucent door.
 14522 | D:13     | Identified the cursed +1 rapier "Arifabix" {antimagic,
                  | rPois Int+2 Stlth+} (You found it on level 13 of the
                  | Dungeon)
 14552 | D:13     | Found Ewiagh's Pet Rocks.
 14715 | D:13     | You fall through a shaft!
 14949 | D:14     | Noticed a fire dragon
 14966 | D:14     | Killed a fire dragon
 14973 | D:14     | Noticed a two-headed ogre
 15121 | D:14     | Killed a two-headed ogre
 15352 | D:14     | Noticed Azrael
 15382 | D:14     | Killed Azrael
 15382 | D:14     | Reached skill level 11 in Unarmed Combat
 15388 | D:14     | Reached XP level 13. HP: 30/113 MP: 11/18
 15565 | D:14     | Found a gate to the Vaults.
 15902 | Lair:1   | Entered Level 1 of the Lair of Beasts
 15969 | Lair:1   | Slain by a two-headed hydra

Levels and vault maps discovered:
D:1:      minmay_arrival_stair_chambers, layout_basic
D:2:      layout_rooms, ashenzari_altar_1, first_ration,
          kennysheep_generic_room_9, uniq_terence, uniq_jessica
D:3:      layout_rooms, xom_teletrap_fun, uniq_sigmund
D:4:      minmay_spotlight, layout_cave_pools, gammafunk_temple_overflow_pools,
          gammafunk_ghost_grave, minmay_cut_off
D:5:      layout_rooms, grunt_gozag_breadcrumbs, uniq_ijyb
D:6:      layout_cave_pods, grunt_temple_overflow_open,
          minmay_overflow_temple_star_quad, nicolae_lava_and_water,
          nicolae_qazlal_eye_of_the_storm
D:7:      layout_layer_cave, makhleb_grotto_becter, minmay_temple_entry_grid
D:8:      layout_gridville, lemuel_round_altar, old_standard_altar,
          lair_entry_dummy, minmay_holes, uniq_psyche
D:9:      layout_irregular_city, lemuel_doored_altar,
          hangedman_little_slice_of_home
D:10:     layout_grid_maze, orc_0_dummy, nrook_pool_corridor,
          okawaru_ov_weapons_minmay
D:11:     layout_long_grid, ebering_ghost_gozag
D:12:     minmay_the_grid_triangle_9x9_rhombus_full_mashed
          [minmay_the_grid_triangle_9x9_fully_insulated_deathbox,
          minmay_the_grid_triangle_9x9_windchime,
          minmay_the_grid_triangle_9x9_zippers_vertical,
          minmay_the_grid_triangle_9x9_wacky_v,
          minmay_the_grid_triangle_9x9_zippers_horizontal,
          minmay_the_grid_triangle_9x9_descending_squares,
          minmay_the_grid_triangle_9x9_warning,
          minmay_the_grid_triangle_9x9_prize_insulated], layout_layer_cave,
          uniq_erolcha
D:13:     layout_rooms, guppyfry_shop_earth
D:14:     argonaut_augean_stables, layout_basic,
          lightli_vaults_fourway_checkpoint, nicolae_tso_swordbearing_angel,
          st_stairs_12, uniq_azrael
Temple:   kb_temple_of_zot
Lair:1:   dpeg_oklob_gauntlet, layout_loops_ring

Skill      XL: |  1  2  3  4  5  6  7  8  9 10 11 12 |
---------------+-------------------------------------+-----
Unarmed Combat | 1 2 3 4 6 7 8 9 11 | 11.1
Conjurations   | 1 2 |  2.5
Summonings     | 1 2 3 4 |  4.2
Translocations | 1 2 3 4 |  4.2
Fighting       | 1 2 3 4 |  4.2
Spellcasting   | 3 4 |  4.3
Slings         | 1 3 |  3.4
Fire Magic     | 1 |  1.8
Armour         | 1 |  1.0
Shields        | 4 9 |  9.7
Invocations    | 1 3 7 |  7.4
Dodging        | |  1.5
Stealth        | |  1.0

Action                   |  1- 3 |  4- 6 |  7- 9 | 10-12 | 13-15 || total
-------------------------+-------+-------+-------+-------+-------++-------
Melee: Unarmed           |    98 |   182 |   313 |   925 |    25 ||  1543
       Punch             |       |     1 |     6 |     4 |       ||    11
       Headbutt          |       |       |    15 |     9 |       ||    24
       Scimitar          |       |       |       |       |     4 ||     4
 Fire: Hunting sling     |       |       |   115 |    12 |       ||   127
Throw: Large rock        |       |       |       |     3 |       ||     3
 Cast: Call Imp          |       |       |     1 |     7 |       ||     8
       Blink             |       |       |       |     3 |       ||     3
Invok: Heroism           |       |       |       |     9 |       ||     9
       Finesse           |       |       |       |     2 |       ||     2
Evoke: Wand              |       |       |     1 |    20 |       ||    21
  Use: Potion            |       |     3 |     3 |     4 |       ||    10
       Scroll            |       |     4 |    14 |    10 |     1 ||    29
 Stab: Sleeping          |     1 |     1 |     1 |     1 |       ||     4
       Paralysed         |       |       |       |     6 |       ||     6
  Eat: Chunk             |     9 |    18 |    53 |    60 |     6 ||   146
       Ration            |       |       |     2 |     5 |       ||     7
Armor: Robe              |    39 |    92 |   150 |   315 |     5 ||   601
Dodge: Dodged            |    37 |    98 |   139 |   235 |     5 ||   514
Block: Other             |       |       |    21 |    26 |       ||    47
       Reflection        |       |       |     2 |    11 |       ||    13
       Shield            |       |       |       |   385 |       ||   385
       Large shield      |       |       |       |   214 |    28 ||   242

Table legend:
 A = Non-vault XP
 B = Vault XP
 C = Vault XP percentage of total XP
 D = Non-vault monster count
 E = Vault monster count
 F = Vault count percentage of total count
                 A         B        C        D         E       F
            +---------+---------+-------+---------+---------+-------
      Total |   28713 |   10884 |  27.5 |     312 |      47 |  13.1
            +---------+---------+-------+---------+---------+-------
        D:1 |      23 |       0 |   0.0 |      13 |       0 |   0.0
        D:2 |      50 |      75 |  60.0 |      20 |       4 |  16.7
        D:3 |     243 |     223 |  47.9 |      33 |       1 |   2.9
        D:4 |     717 |      90 |  11.2 |      20 |       5 |  20.0
        D:5 |     865 |      36 |   4.0 |      31 |       1 |   3.1
        D:6 |     784 |       0 |   0.0 |      17 |       0 |   0.0
        D:7 |    1191 |      50 |   4.0 |      24 |       1 |   4.0
        D:8 |    1457 |     190 |  11.5 |      18 |       1 |   5.3
        D:9 |    2573 |     193 |   7.0 |      26 |       8 |  23.5
       D:10 |    1044 |       0 |   0.0 |      16 |       0 |   0.0
       D:11 |    2435 |       0 |   0.0 |      18 |       0 |   0.0
       D:12 |    7316 |    7520 |  50.7 |      29 |      18 |  38.3
       D:13 |    4837 |       0 |   0.0 |      30 |       0 |   0.0
       D:14 |    4560 |    2507 |  35.5 |      14 |       8 |  36.4
     Lair:1 |     618 |       0 |   0.0 |       3 |       0 |   0.0
            +---------+---------+-------+---------+---------+-------
